 Dungeon Crawl Stone Soup version 0.30-a0-1114-gd936c97349 (webtiles) character file.

Game seed: 6167200181852147639

16592 LustLizard the Frost Mage (level 12, -2/63 HPs)
             Began as a Deep Elf Ice Elementalist on Apr 20, 2023.
             Was a Priest of Hepliaklqana.
             Slain by a minotaur
             ... wielding a +3 glaive of venom
              (37 damage)
             ... in a Gauntlet.
             The game lasted 00:38:29 (13833 turns).

LustLizard the Frost Mage (DEIE)                   Turns: 13833, Time: 00:38:30

Health: -2/63      AC: 15    Str:  9    XL:     12   Next: 11%
Magic:  29/37      EV: 11    Int: 28    God:    Hepliaklqana [***...]
Gold:   340        SH:  6    Dex: 21    Spells: 17/32 levels left

rFire   + . .      SeeInvis .    I - +5 short sword "Velemuh" {freeze, rF+ rC+}
rCold   + . .      Faith    .    P - +0 buckler
rNeg    . . .      Spirit   .    K - +0 acid dragon scales
rPois   .          Reflect  .    L - +2 helmet {Int+3}
rElec   +          Rampage  .    w - +2 cloak "Inycvuk" {rElec Int+3}
rCorr   +          NoTele   +    j - +2 pair of gloves
Will    +....                    (no boots)
Stlth   ++++                     N - amulet of regeneration
HPRegen 1.10/turn                u - +6 ring of dexterity
MPRegen 0.25/turn                v - ring of magical power

@: lethally poisoned (-2 -> -3), freezing walls
A: reduced essence
a: Renounce Religion, Recall Ancestor, Ancestor Identity, Transference


You were in a Gauntlet.
You worshipped Hepliaklqana.
Hepliaklqana was most pleased with you.
You visited 3 branches of the dungeon, and saw 14 of its levels.
You also visited: Gauntlet.

You collected 573 gold pieces.
You spent 233 gold pieces at shops.

Inventory:

Hand Weapons
 I - the +5 short sword "Velemuh" (weapon) {freeze, rF+ rC+}
   (You found it on level 6 of the Dungeon)

   rF:        It protects you from fire.
   rC:        It protects you from cold.
Missiles
 F - 2 throwing nets
Armour
 j - a +2 pair of gloves (worn)
 w - the +2 cloak "Inycvuk" (worn) {rElec Int+3}
   (You found it in a Gauntlet)

   Int:       It affects your intelligence (+3).
   rElec:     It insulates you from electricity.
 K - +0 acid dragon scales (worn)
 L - a +2 helmet of intelligence (worn)
 O - a +1 robe of fire resistance
 P - a +0 buckler (worn)
Jewellery
 a - a ring of magical power
 d - a +6 ring of intelligence
 h - the ring of Wuohez {rC- rN+ Int+5}
   (You found it on level 2 of the Dungeon)

   [ring of positive energy]

   Int:       It affects your intelligence (+5).
   rC:        It makes you vulnerable to cold.
   rN:        It protects you from negative energy.
 t - a ring of protection from cold
 u - a +6 ring of dexterity (left hand)
 v - a ring of magical power (right hand)
 y - a +5 ring of evasion
 N - an amulet of regeneration (around neck)
Wands
 r - a wand of paralysis (3)
 s - a wand of polymorph (23)
 G - a wand of digging (4)
 M - a wand of light (19) (quivered)
 R - a wand of mindburst (5)
 S - a wand of roots (3)
Scrolls
 g - 3 scrolls of fear
 k - 3 scrolls of magic mapping
 l - 7 scrolls of teleportation
 m - a scroll of immolation
 n - a scroll of butterflies
 z - 3 scrolls of fog
 A - 4 scrolls of blinking
 B - a scroll of amnesia
 D - 2 scrolls of poison
 J - 3 scrolls of enchant weapon
Potions
 b - a potion of magic
 c - 3 potions of heal wounds
 e - 3 potions of might
 f - 2 potions of haste
 i - 5 potions of flight
 o - 10 potions of curing
 p - 2 potions of berserk rage
 q - a potion of brilliance
 x - 4 potions of cancellation
 C - 3 potions of ambrosia
 E - a potion of mutation


   Skills:
 + Level 6.5 Fighting
 - Level 2.4 Dodging
 - Level 8.7 Stealth
 + Level 3.7 Shields
 + Level 10.8 Spellcasting
 - Level 7.3 Summonings
 * Level 4.7 Transmutations
 * Level 13.0 Ice Magic
 + Level 3.1 Invocations
 + Level 3.2 Evocations


You had 17 spell levels left.
You knew the following spells:

 Your Spells              Type           Power      Damage    Failure   Level
a - Freeze                Ice            100%       1d10      1%          1
b - Frozen Ramparts       Ice            100%       1d16      1%          3
c - Ozocubu's Armour      Ice            73%        N/A       1%          3
d - Summon Ice Beast      Ice/Summ       64%        N/A       1%          4
e - Ice Form              Ice/Tmut       59%        N/A       2%          4

Your spell library contained the following spells:

 Spells                   Type           Power      Damage    Failure   Level
 Call Canine Familiar     Summ           54%        N/A       1%          3
 Lesser Beckoning         Tloc           30%        N/A       12%         2
 Ignite Poison            Fire/Tmut/Pois 23%        N/A       13%         3
 Gell's Gravitas          Tloc           15%        N/A       24%         3
 Portal Projectile        Hex/Tloc       30%        N/A       24%         3
 Teleport Other           Tloc           15%        N/A       24%         3
 Anguish                  Hex/Necr       7%         N/A       63%         4
 Cause Fear               Hex            7%         N/A       63%         4
 Leda's Liquefaction      Hex/Erth       7%         N/A       63%         4
 Sticky Flame             Conj/Fire      15%        2d4       63%         4
 Dragon Form              Tmut           20%        N/A       100%        7
 Enfeeble                 Hex            7%         N/A       100%        7
 Ignition                 Fire           7%         3d5       100%        8
 Dragon's Call            Summ           27%        N/A       100%        9


Dungeon Overview and Level Annotations

Branches:
Dungeon (12/15)            Temple (1/1) D:7            Lair (1/5) D:10
    Orc (0/2) D:10        Gauntlet (1/1)

Altars:
Ashenzari
Cheibriados
Dithmenos
Elyvilon
Fedhas
Gozag
Hepliaklqana
Kikubaaqudgha
Makhleb
Nemelex Xobeh
Okawaru
Qazlal
Ru
Sif Muna
Trog
Uskayaw
Vehumet
Wu Jian
Xom
Yredelemnul
Zin
The Shining One

Shops:
D:2 (   D:3 *   D:4 [   D:9 ?   D:11 (*(!!

Annotations:
Gauntlet 4 transporters


Message History

Press: ? - help, Q - select action, (/) - cycle Shift-Dir - straight line, f/p - minotaur
Aim: a minotaur, wielding a +3 glaive of venom, wearing a +0 plate armour and quivering javelins (heavily wounded, 88% to hit)
The bolt of light hits the minotaur.
The minotaur is heavily wounded.
The minotaur is blinded.
The wall freezes the minotaur but does no damage.
Aiming: Paralyse
Press: ? - help, Q - select action, (/) - cycle Shift-Dir - straight line, f/p - minotaur
Aim: a minotaur, wielding a +3 glaive of venom, wearing a +0 plate armour and quivering javelins (heavily wounded, blind, chance to affect: 4%)
The minotaur resists with almost no effort.
The wall freezes the minotaur.
Aiming: Bolt of Light
Press: ? - help, Q - select action, (/) - cycle Shift-Dir - straight line, f/p - minotaur
Aim: a minotaur, wielding a +3 glaive of venom, wearing a +0 plate armour and quivering javelins (heavily wounded, blind, 88% to hit)
The bolt of light hits the minotaur.
The minotaur is heavily wounded.
The wall freezes the minotaur but does no damage.
The minotaur hits you with a +3 glaive of venom.
You are poisoned.
The minotaur gores you.
Aiming: Bolt of Light
Press: ? - help, Q - select action, (/) - cycle Shift-Dir - straight line, f/p - minotaur
Aim: a minotaur, wielding a +3 glaive of venom, wearing a +0 plate armour and quivering javelins (heavily wounded, blind, 88% to hit)
The bolt of light hits the minotaur!
The minotaur is severely wounded.
You feel very sick.
The wall freezes the minotaur but does no damage.
You block the minotaur's attack. The minotaur misses you.
Casting: Frozen Ramparts (safe; 1% risk of failure)
Confirm with . or Enter, or press ? or * to list all spells.
Aiming: Freeze (safe; 1% risk of failure)
Press: ? - help, Shift-Dir - straight line, f/p - minotaur
Aim: a minotaur, wielding a +3 glaive of venom, wearing a +0 plate armour and quivering javelins (severely wounded, blind)
You freeze the minotaur!
The minotaur is almost dead.
You feel sick.
The minotaur is no longer blind.
The wall freezes the minotaur but does no damage.
The minotaur hits you with a +3 glaive of venom!!!
Ouch! That really hurt!
You die...

# ### ###
###################
###
##≈...............≈#
#≈≈..8©8©8©8©8©8..≈≈#
##≈...............≈##
#####.###.###.#####
###.###.###.###
#.............#
#.###H###.###.#
#...@.........
#######'###### .# ..
.⌠+ ..# ⌠.# +##


You could see a minotaur.

Vanquished Creatures
  A boulder beetle (D:11)
  A wolf spider (Gauntlet)
  Pikel (D:4)
  A cyclops (D:11)
  2 moths of wrath (Gauntlet)
  An orange demon (D:8)
  Maggie (D:10)
  2 kobold demonologists
  A tengu conjurer (D:11)
  A komodo dragon (Lair:1)
  A queen bee (shapeshifter) (D:11)
  A troll (D:9)
  2 hornets
  A shadow (D:10)
  Eustachio (D:4)
  3 yaks
  2 redbacks (Gauntlet)
  A hell hound (D:11)
  Duvessa (D:5)
  5 orc warriors
  A swamp drake (D:10)
  2 ice beasts
  2 sky beasts
  3 ogres
  2 black bears
  3 wolves (Gauntlet)
  8 centaurs
  3 phantoms
  2 kobold brigands
  A bullfrog (Lair:1)
  A gnoll sergeant (D:5)
  A jelly (D:6)
  Dowan (D:5)
  7 killer bees
  6 howler monkeys
  2 hounds
  2 orc priests
  3 gnoll boudas
  3 sleepcaps
  7 orc wizards
  Natasha (thrice) (D:2)
  3 iguanas
  26 gnolls
  10 adders
  An ufetubus (D:6)
  2 worms
  5 dart slugs
  26 orcs
  5 ball pythons
  3 endoplasms
  5 giant cockroaches
  9 goblins
  6 hobgoblins
  3 jackals (D:4)
  3 quokkas
  12 bats
  7 frilled lizards
  10 kobolds
  3 rats
232 creatures vanquished.

Vanquished Creatures (collateral kills)
  Gastronok (D:10)
  Azrael (D:11)
  Erica (D:9)
  Urug (D:10)
  Amaemon (D:8)
  An ugly thing (Gauntlet)
  A queen bee (Gauntlet)
  A wraith (D:11)
  8 yaks
  A redback (Gauntlet)
  A wolf (Gauntlet)
  A bullfrog (Lair:1)
  A scorpion (D:7)
  4 killer bees
  2 howler monkeys
  A jelly (D:7)
  A gnoll bouda (D:7)
  An iguana (D:7)
  4 orc wizards
  A gnoll (D:7)
  9 orcs
  A kobold (D:8)
44 creatures vanquished.

Vanquished Creatures (others)
  5 ancestors (D:10)
  3 knights
  A fungus (Gauntlet)
  3 plants (Gauntlet)
12 creatures vanquished.

Grand Total: 288 creatures vanquished

Notes
Turn   | Place    | Note
-------+----------+-------------------------------------------
     0 | D:1      | LustLizard the Deep Elf Ice Elementalist began the quest
                  | for the Orb.
     0 | D:1      | Reached XP level 1. HP: 10/10 MP: 6/6
   276 | D:1      | Reached XP level 2. HP: 16/16 MP: 5/8
  1054 | D:2      | Identified the ring of Wuohez {rC- rN+ Int+5}
  1092 | D:2      | Reached XP level 3. HP: 20/20 MP: 5/9
  1111 | D:2      | Learned a level 3 spell: Frozen Ramparts
  1115 | D:2      | Learned a level 3 spell: Ozocubu's Armour
  1185 | D:2      | Noticed Natasha
  1198 | D:2      | Killed Natasha
  1199 | D:2      | Reached skill level 1 in Fighting
  1199 | D:2      | Reached skill level 5 in Ice Magic
  1300 | D:2      | Noticed Natasha
  1328 | D:2      | Killed Natasha
  1329 | D:2      | Reached XP level 4. HP: 23/25 MP: 0/11
  1602 | D:2      | Noticed Natasha
  1607 | D:2      | Killed Natasha
  1843 | D:2      | Found Uclozxe's Weapon Shop.
  1921 | D:3      | Reached XP level 5. HP: 29/29 MP: 11/13
  2007 | D:3      | Found Zuatweem's Assorted Antiques.
  2014 | D:3      | Bought a bubbling grey potion for 24 gold pieces
  2014 | D:3      | Bought a scroll labelled VUOCHI MAFUMO for 27 gold pieces
  2014 | D:3      | Bought a sedimented emerald potion for 24 gold pieces
  2968 | D:4      | Found Ynloj's Armour Shoppe.
  2998 | D:4      | Reached skill level 6 in Ice Magic
  3106 | D:4      | Noticed Eustachio
  3132 | D:4      | Killed Eustachio
  3133 | D:4      | Reached XP level 6. HP: 35/35 MP: 15/15
  3168 | D:4      | Reached skill level 5 in Spellcasting
  3324 | D:4      | Noticed Pikel
  3336 | D:4      | Killed Pikel
  3337 | D:4      | Reached skill level 5 in Stealth
  3337 | D:4      | Reached skill level 7 in Ice Magic
  3337 | D:4      | Reached XP level 7. HP: 41/41 MP: 15/17
  3826 | D:5      | Entered Level 5 of the Dungeon
  3943 | D:5      | Reached XP level 8. HP: 37/46 MP: 19/19
  4180 | D:4      | Reached skill level 8 in Ice Magic
  4332 | D:5      | Found a white marble altar of Elyvilon.
  4986 | D:5      | Noticed Dowan
  5208 | D:5      | Noticed Duvessa
  5215 | D:5      | Killed Duvessa
  5216 | D:5      | Killed Dowan
  5813 | D:5      | Reached skill level 9 in Ice Magic
  6127 | D:6      | Reached XP level 9. HP: 43/52 MP: 17/22
  6457 | D:6      | Learned a level 4 spell: Summon Ice Beast
  6530 | D:6      | Identified the +5 short sword "Velemuh" {freeze, rF+ rC+}
  6751 | D:7      | Paralysed by a hornet for 3 turns
  6753 | D:7      | Reached skill level 1 in Summonings
  7154 | D:7      | Reached skill level 10 in Ice Magic
  7465 | D:7      | Found a staircase to the Ecumenical Temple.
  7481 | Temple   | Entered the Ecumenical Temple
  7605 | Temple   | Became a worshipper of Hepliaklqana the Forgotten
  8883 | D:8      | Noticed an orange demon
  8918 | D:8      | Reached skill level 5 in Fighting
  8918 | D:8      | Reached XP level 10. HP: 59/59 MP: 21/24
  8931 | D:8      | Noticed Amaemon
  8946 | D:8      | Killed Amaemon
  8948 | D:8      | Killed an orange demon
  8949 | D:8      | Reached skill level 5 in Summonings
  9163 | D:8      | Found a shimmering blue altar of Sif Muna.
  9483 | D:9      | Reached skill level 11 in Ice Magic
  9495 | D:9      | Reached skill level 1 in Shields
  9813 | D:9      | Noticed Erica
  9818 | D:9      | Reached * piety under Hepliaklqana
  9827 | D:9      | Killed Erica
  9991 | D:9      | Found Qyejiw's Magic Scroll Shoppe.
 10000 | D:9      | Bought a scroll of teleportation for 36 gold pieces
 10000 | D:9      | Bought a scroll of identify for 24 gold pieces
 10000 | D:9      | Bought a scroll of identify for 24 gold pieces
 10000 | D:9      | Bought a scroll of fear for 48 gold pieces
 10315 | D:10     | Entered Level 10 of the Dungeon
 10429 | D:10     | Reached XP level 11. HP: 46/57 MP: 24/26
 10484 | D:10     | Found a staircase to the Orcish Mines.
 10753 | D:10     | Noticed Maggie
 10793 | D:10     | Killed Maggie
 11038 | D:10     | Found a staircase to the Lair.
 11063 | D:10     | Noticed Urug
 11069 | D:10     | Reached skill level 12 in Ice Magic
 11077 | D:10     | Killed Urug
 11078 | D:10     | Reached skill level 10 in Spellcasting
 11330 | D:10     | Noticed Gastronok
 11353 | D:10     | Learned a level 4 spell: Ice Form
 11370 | D:10     | Killed Gastronok
 11371 | D:10     | Reached skill level 1 in Transmutations
 11371 | D:10     | Reached skill level 1 in Invocations
 11371 | D:10     | Reached skill level 1 in Evocations
 11745 | D:11     | Identified the +5 dagger of Death's Door {heavy, rF+ Will+
                  | Dex+4}
 11781 | D:11     | Reached ** piety under Hepliaklqana
 11782 | D:11     | Remembered your ancestor Djefatnebti as a knight
 11893 | D:11     | Noticed a boulder beetle
 11902 | D:11     | Killed a boulder beetle
 12232 | D:11     | Found Talaekko's Antique Weapon Shoppe.
 12290 | D:11     | Found Ziucyle's Distillery.
 12388 | D:11     | Found Baiboux's Antique Weapon Emporium.
 12631 | D:11     | Found Imuguh's Distillery.
 12662 | D:11     | Found Watahic's General Store.
 12666 | D:11     | Bought a scroll of identify for 26 gold pieces
 12778 | D:12     | Noticed a boulder beetle
 12807 | D:12     | Noticed Azrael
 12816 | D:11     | Killed Azrael
 12907 | Lair:1   | Entered Level 1 of the Lair of Beasts
 13064 | Lair:1   | Found a gate leading to a gauntlet.
 13146 | Lair:1   | Reached *** piety under Hepliaklqana
 13172 | Gauntlet | Entered a Gauntlet
 13172 | Gauntlet | Found a transporter.
 13184 | Gauntlet | Found a transporter.
 13184 | Gauntlet | Found a transporter.
 13185 | Gauntlet | Found a transporter.
 13193 | Gauntlet | Found a transporter.
 13196 | Gauntlet | Found a transporter.
 13197 | Gauntlet | Found a transporter.
 13209 | Gauntlet | Found a transporter.
 13210 | Gauntlet | Found a transporter.
 13217 | Gauntlet | Noticed a great orb of eyes
 13217 | Gauntlet | Noticed a green ugly thing
 13218 | Gauntlet | Found a transporter.
 13221 | Gauntlet | Found a transporter.
 13222 | Gauntlet | Found a transporter.
 13229 | Gauntlet | Found a runed translucent door.
 13232 | Gauntlet | Found a transporter.
 13234 | Gauntlet | Noticed a wolf spider
 13267 | Gauntlet | Found a transporter.
 13442 | Gauntlet | Identified the +9 rapier of Nyal {heavy, *Slow Fly rPois
                  | Will++}
 13453 | Gauntlet | Identified the +2 cloak "Inycvuk" {rElec Int+3}
 13633 | Gauntlet | Killed a green ugly thing
 13634 | Gauntlet | Reached XP level 12. HP: 63/63 MP: 21/28
 13720 | Gauntlet | HP: 3/63 [wolf spider (2)]
 13723 | Gauntlet | Reached skill level 13 in Ice Magic
 13818 | Gauntlet | Noticed a minotaur
 13833 | Gauntlet | Slain by a minotaur

Illustrated notes

Levels and vault maps discovered:
D:1:      roderic_dead_forest, layout_loops_cross, minmay_door_square
D:2:      layout_rooms, serial_shops, shop, chequers_garden,
          ebering_dispersal_statue_hall, uniq_natasha
D:3:      layout_loops_ring, serial_shops, shop
D:4:      layout_rooms, serial_shops, shop, uniq_pikel, uniq_eustachio
D:5:      layout_loops_ring, mainiacjoe_overflow_24_doors, uniq_duvessa
D:6:      layout_gridville
D:7:      kennysheep_spiral_hall, layout_loops_ring,
          minmay_temple_entry_sparse_star, kennysheep_cross_room,
          kennysheep_minor_cross, minmay_misc_feat_tower, hangedman_glass_teeth
D:8:      layout_basic, nicolae_sif_muna_little_library, nrook_mini_vaults,
          uniq_amaemon
D:9:      layout_basic, serial_shops, shop, uniq_erica
D:10:     layout_small_grid, lair_entry_dummy, erik_orc_1, uniq_urug,
          uniq_maggie, uniq_gastronok
D:11:     layout_irregular_city, serial_shops, nicolae_shop_waterfront,
          nicolae_shop_pleasant_corner_grove, nicolae_shop_tiny_glass,
          nicolae_shop_back_alley_shop, shop
D:12:     layout_rooms, gammafunk_ghost_wrathful_warriors, uniq_azrael
Temple:   nicolae_temple_bog_church
Lair:1:   layout_regular_city, gauntlet_entry_generic
Gauntlet: gammafunk_gauntlet_77_escape_option
          [minmay_gauntlet_arena_77_double_cross,
          minmay_gauntlet_arena_77_museum,
          minmay_gauntlet_arena_77_radiant_squares,
          minmay_gauntlet_arena_77_mirror, minmay_gauntlet_arena_77_path,
          gauntlet_exit_hidden_loot]

Skill      XL: |  1  2  3  4  5  6  7  8  9 10 11 12 |
---------------+-------------------------------------+-----
Stealth        | 3 4 5 7 8 |  8.7
Fighting       | 1 2 3 4 5 6 |  6.5
Ice Magic      | 5 6 7 9 10 11 12 13 | 13.0
Spellcasting   | 4 5 6 7 8 9 10 | 10.8
Summonings     | 4 6 7 |  7.3
Shields        | 2 3 |  3.7
Transmutations | 4 |  4.7
Invocations    | 2 3 |  3.1
Evocations     | 3 |  3.2
Dodging        | |  2.4

Action                     |  1- 3 |  4- 6 |  7- 9 | 10-12 || total
---------------------------+-------+-------+-------+-------++-------
  Melee: Unarmed           |     1 |       |       |       ||     1
         Dagger            |     2 |    10 |    54 |       ||    66
         Punch             |       |       |     4 |       ||     4
         Short sword       |       |       |    28 |    31 ||    59
   Cast: Freeze            |    42 |    57 |    71 |    68 ||   238
         Frozen Ramparts   |     3 |    13 |    55 |    44 ||   115
         Ozocubu's Armour  |     3 |     6 |    41 |    37 ||    87
         Summon Ice Beast  |       |       |     9 |    21 ||    30
 Invoke: Recall Ancestor   |       |       |       |     3 ||     3
         Ancestor Life: Kn |       |       |       |     1 ||     1
  Evoke: Wand              |       |       |       |     5 ||     5
    Use: Scroll            |       |     2 |     6 |    19 ||    27
         Potion            |       |       |     1 |     3 ||     4
   Stab: Sleeping          |       |     1 |       |       ||     1
         Distracted        |       |       |     1 |       ||     1
 Armour: Robe              |     7 |    15 |    35 |    11 ||    68
         Acid dragon scale |       |       |       |    31 ||    31
  Dodge: Dodged            |    19 |    35 |    91 |    90 ||   235
  Block: Buckler           |       |       |       |    26 ||    26

Table legend: (Time is in decaauts)
 A = Elapsed time spent in this place.
 B = Non-inter-level travel time spent in this place.
 C = Inter-level travel time spent in this place.
 D = Time resting spent in this place.
 E = Time spent auto-exploring this place.
 F = Levels seen in this place.
 G = Mean time per level.
                   A        B        C        D        E       F      G
               +--------+--------+--------+--------+--------+-----+--------+
         Total |  13860 |  13145 |    715 |   1105 |   9570 |  15 |  924.0 |
       Dungeon |  12794 |  12093 |    701 |    925 |   9161 |  12 | 1066.2 |
        Temple |    141 |    127 |     14 |      0 |    111 |   1 |  141.0 |
          Lair |    264 |    264 |      0 |      0 |      0 |   1 |  264.0 |
      Gauntlet |    660 |    660 |      0 |    180 |    297 |   1 |  660.0 |
               +--------+--------+--------+--------+--------+-----+--------+

Top non-repeatable levels by time:
     D:5: 1776 daAuts
     D:7: 1610 daAuts
    D:10: 1459 daAuts
     D:4: 1270 daAuts
    D:11: 1160 daAuts
     D:1: 1000 daAuts
     D:9: 970 daAuts
     D:8: 948 daAuts
     D:3: 933 daAuts
     D:2: 915 daAuts
     D:6: 740 daAuts
Gauntlet: 660 daAuts
  Lair:1: 264 daAuts
  Temple: 141 daAuts
    D:12: 8 daAuts
